 Dungeon Crawl Stone Soup version 0.19-a0-1886-gd64a0f0 (webtiles) character file.

92 JeffiDaFish the Sneak (level 4, -6/32 HPs)
             Began as a Vampire Enchanter on Oct 16, 2016.
             Killed by divine providence
             ... invoked by an orc priest
              (13 damage)
             ... on level 3 of the Dungeon.
             The game lasted 00:10:29 (3774 turns).

JeffiDaFish the Sneak (Vampire Enchanter)           Turns: 3774, Time: 00:10:30

Health: -6/32      AC:  5    Str: 11    XL:     4   Next: 35%
Magic:  2/7        EV: 13    Int: 17    God:
Gold:   66         SH:  0    Dex: 14    Spells: 3 memorised, 1 level left

rFire  . . .     SeeInvis +     a - +1 dagger
rCold  . . .     Gourm    .     b - +1 robe
rNeg   + . .     Faith    .     (no shield)
rPois  .         Spirit   .     f - +1 hat
rElec  .         Dismiss  +     e - +0 cloak
rCorr  .         Reflect  .     (no gloves)
MR     .....     Harm     .     (no boots)
Stlth  ++........               j - amulet of dismissal (curse)
                                g - ring of loudness (curse)
                                h - +3 ring of strength

@: no status effects
A: fangs 3, see invisible, unbreathing
a: Bat Form


You were on level 3 of the Dungeon.
You were not thirsty.

You visited 1 branch of the dungeon, and saw 3 of its levels.

You collected 66 gold pieces.

Inventory:

Hand Weapons
 a - a +1 dagger (weapon)
Armour
 b - a +1 robe (worn)
 e - a +0 cloak (worn)
 f - a +1 hat (worn)
Jewellery
 g - a cursed ring of loudness (right hand)
 h - a +3 ring of strength (left hand)
 j - a cursed amulet of dismissal (around neck)
Scrolls
 l - a scroll of remove curse
 m - a scroll of identify
Potions
 d - 7 potions of blood
 i - a potion of brilliance
 k - a potion of curing
Books
 c - a book of Maledictions

   Spells                             Type                      Level
   a - Corona                         Hexes                        1
   b - Ensorcelled Hibernation        Hexes/Ice                    2
   c - Confuse                        Hexes                        3
   d - Tukima's Dance                 Hexes                        3
   e - Dazzling Spray                 Conjuration/Hexes            3


   Skills:
 * Level 1.2 Fighting
 + Level 1.2 Short Blades
 + Level 2.9 Dodging
 + Level 5.6 Stealth
 + Level 2.3 Spellcasting
 + Level 5.0 Hexes
 + Level 0.6 Ice Magic


You had one spell level left.
You knew the following spells:

 Your Spells              Type           Power        Failure   Level  Hunger
a - Corona                Hex            ###....      2%          1    #......
b - Ensorcelled Hibernat  Hex/Ice        ##....       12%         2    ##.....
c - Confuse               Hex            ###.....     10%         3    ###....


Dungeon Overview and Level Annotations

Branches:
Dungeon (3/15)

Altars:

Annotations:
D:3 Rhandor's ghost, amateur OpIE


Innate Abilities, Weirdness & Mutations

You have razor-sharp teeth.
You have supernaturally acute eyesight. (SInv)
You can survive without breathing.


Message History

The orc priest resists with some effort.
The orc priest hits you but does no damage.
Casting: Ensorcelled Hibernation
Confirm with . or Enter, or press ? or * to list all spells.
Aiming: Confuse
Press: ? - help, Shift-Dir - straight line, f/p - orc priest
Aim: an orc priest (chance to defeat MR: 50%)
The orc priest resists with some effort.
The orc priest mumbles some strange prayers to Beogh against you.
Beogh smites you!
* * * LOW HITPOINT WARNING * * *
You hit the orc priest.
You bite the orc priest, but do no damage.
The orc priest is lightly wounded.
The orc priest hits you but does no damage.
You hit the orc priest.
The orc priest is moderately wounded.
The orc priest mumbles some strange prayers to Beogh against you.
Beogh smites you!
You die...

#############
#....@o.....#
#.#..##.##..#
#..#.##.##..####
#.###........K.
#..#.##.##..##..
#.#.........#
...
#.....<.##.## .#
###........# #
#..#######


You could see an orc priest.

Vanquished Creatures
  3 adders
  A gnoll (D:2)
  2 oozes (D:1)
  A worm (D:3)
  A leopard gecko (D:1)
  4 orcs (D:3)
  6 goblins
  4 hobgoblins
  2 jackals (D:1)
  A quokka (D:2)
  A ball python (D:1)
  7 bats
  A frilled lizard (D:1)
  8 kobolds
  2 rats (D:1)
44 creatures vanquished.

Notes
Turn   | Place    | Note
-------+----------+-------------------------------------------
     0 | D:1      | JeffiDaFish the Vampire Enchanter began the quest for the Orb.
     0 | D:1      | Reached XP level 1. HP: 13/13 MP: 3/3
   378 | D:1      | Reached XP level 2. HP: 19/19 MP: 5/5
   382 | D:1      | Learned a level 2 spell: Ensorcelled Hibernation
   693 | D:1      | Reached skill level 5 in Stealth
  1399 | D:2      | Reached XP level 3. HP: 22/24 MP: 6/6
  3145 | D:2      | Reached skill level 1 in Fighting
  3145 | D:2      | Reached skill level 5 in Hexes
  3145 | D:2      | Reached XP level 4. HP: 11/32 MP: 0/7
  3379 | D:3      | Noticed Rhandor's ghost (amateur OpIE)
  3383 | D:3      | Learned a level 3 spell: Confuse
  3774 | D:3      | Killed from afar by an orc priest

Vault maps used:
D:1:      evilmike_arrival_hilbert_curve
D:2:      item_on_display_a
D:3:      lemuel_round_altar, first_bread

Skill      XL: |  1  2  3 |
---------------+----------+-----
Stealth        | 5 |  5.6
Fighting       | 1 |  1.2
Hexes          | 5 |  5.0
Short Blades   | |  1.2
Dodging        | |  2.9
Spellcasting   | |  2.3
Ice Magic      | |  0.6

Action                   |  1- 3 |  4- 6 || total
-------------------------+-------+-------++-------
Melee: Dagger            |   137 |    75 ||   212
       Bite              |     6 |     6 ||    12
 Cast: Ensorcelled Hiber |    12 |     2 ||    14
       Confuse           |       |     1 ||     1
 Abil: End Transformatio |     1 |       ||     1
       Bat Form          |     1 |       ||     1
  Use: Potion            |    12 |     2 ||    14
       Scroll            |     7 |       ||     7
 Stab: Sleeping          |    13 |       ||    13
Armor: Robe              |    54 |    13 ||    67
Dodge: Dodged            |   116 |    32 ||   148
